 Dungeon Crawl Stone Soup version 0.32-a0-886-g41c5271027 (webtiles) character file.

Game seed: 13226881247828801809

2757 Elsrick the Martial Artist (level 9, -4/72 HPs)
             Began as a Ghoul Monk on Apr 2, 2024.
             Was a Priest of Wu Jian.
             Slain by Joseph
             ... wielding a +1 spectral quarterstaff
              (15 damage)
             ... on level 7 of the Dungeon.
             The game lasted 00:18:31 (6395 turns).

Elsrick the Martial Artist (Ghoul Monk)             Turns: 6395, Time: 00:18:32

Health: -4/72      AC: 11    Str: 15    XL:     9   Next: 69%
Magic:  9/9        EV: 13    Int: 15    God:    Wu Jian [***...]
Gold:   401        SH:  0    Dex: 21    Spells: 8/8 levels left

rFire   . .          .
                       - Unarmed
rCold   + . .        c - orb {light}
rNeg    + + +        C - +3 leather armour
rPois   ∞            w - +1 helmet
rElec   .            D - +0 cloak
rCorr   .            (no gloves)
SInv    .            G - +0 pair of boots
Will    .....        (no amulet)
Stlth   +            l - +6 ring of dexterity
HPRegen 0.00/turn    v - +6 ring of intelligence
MPRegen 0.11/turn

%: no passive effects
@: inhibited regen, glowing
A: claws 1, cold resistance 1, negative energy resistance 3, inhibited
regeneration, torment resistance 2, devour on kill
a: Renounce Religion, Wall Jump, Serpent's Lash


You were on level 7 of the Dungeon.
You worshipped Wu Jian.
Wu Jian was most pleased with you.
You visited 2 branches of the dungeon, and saw 8 of its levels.

You collected 401 gold pieces.

Inventory:

Hand Weapons
 x - a +0 dagger
Missiles
 d - 99 stones
 m - 9 poisoned darts
 r - a throwing net
Armour
 c - an orb of light (worn)
 n - an orb of energy
 w - a +1 helmet (worn)
 C - a +3 leather armour (worn)
 D - a +0 cloak (worn)
 G - a +0 pair of boots (worn)
Jewellery
 j - an amulet of magic regeneration
 l - a +6 ring of dexterity (left claw)
 v - a +6 ring of intelligence (right claw)
Wands
 A - a wand of flame (17)
Scrolls
 a - 2 scrolls of brand weapon {unknown}
 f - a scroll of enchant armour {unknown}
 g - 4 scrolls of teleportation
 i - 3 scrolls of poison
 o - 3 scrolls of fear
 s - 3 scrolls of noise {unknown}
 y - 2 scrolls of fog {unknown}
 E - a scroll of amnesia {unknown}
 F - a scroll of silence {unknown}
Potions
 b - 2 potions of ambrosia
 e - 2 potions of curing {unknown}
 h - 2 potions of resistance {unknown}
 p - a potion of heal wounds {unknown}
 q - a potion of might {unknown}
 t - 2 potions of attraction
 u - a potion of invisibility {unknown}
 z - a potion of lignification {unknown}
 B - 4 potions of mutation


   Skills:
 + Level 4.7 Fighting
 + Level 1.2 Throwing
 + Level 4.2 Armour
 + Level 4.2 Dodging
 + Level 2.6 Stealth
 + Level 12.0 Unarmed Combat


You had 8 spell levels left.
You didn't know any spells.
Your spell library contained the following spells:

 Spells                   Type           Power      Damage    Failure   Level
 Jinxbite                 Hex            0%         N/A       45%         2
 Mercury Vapours          Alch/Air       0%         N/A       45%         2
 Mephitic Cloud           Conj/Alch/Air  0%         N/A       69%         3
 Brom's Barrelling Bould  Conj/Erth      0%         2d3       97%         4
 Fireball                 Conj/Fire      0%         3d3       100%        5
 Freezing Cloud           Conj/Ice/Air   0%         6-21      100%        5
 Iskenderun's Battlesphe  Conj           0%         2d6       100%        5
 Yara's Violent Unravell  Hex/Alch       0%         3d3       100%        5
 Conjure Ball Lightning   Conj/Air       0%         3x3d6     100%        6
 Enfeeble                 Hex            0%         N/A       100%        7
 Orb of Destruction       Conj           0%         9d5       100%        7


Dungeon Overview and Level Annotations

Branches:
Dungeon (7/15)             Temple (1/1) D:4

Altars:
Ashenzari
Cheibriados
Dithmenos
Fedhas
Gozag
Hepliaklqana
Kikubaaqudgha
Makhleb
Nemelex Xobeh
Okawaru
Qazlal
Ru
Sif Muna
Trog
Uskayaw
Vehumet
Wu Jian
Xom
Yredelemnul

Shops:
D:4 [

Annotations:
D:5 3 runed translucent doors, ForkInBrain's ghost, weakling DrDe
D:7 Joseph


Innate Abilities, Weirdness & Mutations

You are immune to poison.
You have sharp fingernails.
Your flesh is cold resistant. (rC+)
You are immune to negative energy. (rN+++)
You do not regenerate when monsters are visible.
You are immune to unholy pain and torment.
You thrive by killing the living.


Message History

Press: ? - help, Q - select action, (/) - cycle Shift-Dir - straight line, f - Joseph
Aim: Joseph, wielding a +5 sling of flaming and wearing a +0 ring mail (haloed, 83% to hit, chance to frenzy on hit: 35%)
You throw a datura-tipped dart. The datura-tipped dart hits Joseph.
Joseph resists.
Joseph shoots a sling bullet.
The sling bullet hits you but does no damage.
Joseph shoots a sling bullet.
The sling bullet hits you! The sling bullet burns you.
You lunge at Joseph.
You scratch Joseph.
Joseph is lightly wounded.
Joseph unwields a +5 sling of flaming.
It stops flaming.
Joseph wields a +1 spectral quarterstaff.
Joseph misses you. The +1 spectral quarterstaff hits you.
A +1 spectral quarterstaff comes into view.
You claw Joseph!
Joseph is moderately wounded.
You claw Joseph!
Joseph is heavily wounded.
Joseph hits you but does no damage.
The +1 spectral quarterstaff hits you but does no damage.
You claw Joseph!
Joseph is severely wounded.
Joseph hits you but does no damage. The +1 spectral quarterstaff hits you!
You scratch Joseph.
Joseph is severely wounded.
Joseph hits you with a +1 spectral quarterstaff!
The +1 spectral quarterstaff hits you.
* * * LOW HITPOINT WARNING * * *
You scratch Joseph but do no damage.
Joseph is severely wounded.
You scratch Joseph.
Joseph is almost dead.
Joseph hits you with a +1 spectral quarterstaff.
* * * LOW HITPOINT WARNING * * *
The +1 spectral quarterstaff hits you!
* * * LOW HITPOINT WARNING * * *
You scratch Joseph but do no damage.
Joseph is almost dead.
Joseph hits you with a +1 spectral quarterstaff!
You die...

######.#
#####..
#.# ###
#.# #.#
#.# #.#
#.#
####.#
#@@..#
#(####
#. #. #.
#. #. #.


You could see Joseph and a +1 spectral quarterstaff.

Vanquished Creatures
  Jeremiah (D:6)
  Grinder (D:3)
  Sigmund (D:3)
  A steam dragon (D:6)
  2 water moccasins
  A sky beast (D:7)
  An orc warrior (D:6)
  3 ogres
  A phantom (D:4)
  Blork the orc (D:4)
  2 kobold brigands (D:6)
  3 bullfrogs
  A scorpion (D:5)
  4 wights (D:6)
  A bombardier beetle (D:5)
  3 jellies
  2 hounds
  Crazy Yiuf (D:3)
  A gnoll bouda (D:6)
  2 iguanas
  6 adders
  7 gnolls
  A white imp (D:5)
  4 ufetubi
  2 ribbon worms (D:2)
  A dart slug (D:3)
  4 orcs
  9 ball pythons
  8 endoplasms
  4 giant cockroaches
  9 goblins
  9 hobgoblins
  3 jackals (D:2)
  15 kobolds
  6 quokkas
  5 bats
  2 frilled lizards
  4 rats
132 creatures vanquished.

Vanquished Creatures (collateral kills)
  A hound (D:4)
  Robin (D:4)
  2 gnolls (D:4)
  8 goblins (D:4)
  A hobgoblin (D:4)
13 creatures vanquished.

Vanquished Creatures (others)
  A gnoll (D:6)
1 creature vanquished.

Grand Total: 146 creatures vanquished

Notes
Turn   | Place    | Note
-------+----------+-------------------------------------------
     0 | D:1      | Elsrick the Ghoul Monk began the quest for the Orb.
     0 | D:1      | Reached XP level 1. HP: 19/19 MP: 1/1
   163 | D:1      | You fall into a shaft and drop 1 floor!
   280 | D:1      | Reached XP level 2. HP: 25/26 MP: 2/2
   541 | D:1      | Found a faded altar of an unknown god.
  1070 | D:2      | Reached XP level 3. HP: 31/31 MP: 3/3
  1112 | D:2      | Reached skill level 4 in Unarmed Combat
  1964 | D:2      | Reached XP level 4. HP: 35/40 MP: 4/4
  1992 | D:2      | Reached skill level 1 in Armour
  2236 | D:3      | Noticed Grinder
  2239 | D:3      | Paralysed by Grinder for 2 turns
  2245 | D:3      | Paralysed by Grinder for 4 turns
  2264 | D:3      | Killed Grinder
  2265 | D:3      | Reached skill level 6 in Unarmed Combat
  2265 | D:3      | Reached XP level 5. HP: 3/46 MP: 5/5
  2265 | D:3      | Reached XP level 6. HP: 4/52 MP: 6/6
  2575 | D:3      | Found a runed translucent door.
  2576 | D:3      | Noticed Crazy Yiuf
  2582 | D:3      | Killed Crazy Yiuf
  2923 | D:3      | Noticed Sigmund
  2933 | D:3      | Killed Sigmund
  2934 | D:3      | Reached skill level 1 in Stealth
  2934 | D:3      | Reached skill level 7 in Unarmed Combat
  2934 | D:3      | Reached XP level 7. HP: 58/58 MP: 7/7
  3236 | D:4      | Found a staircase to the Ecumenical Temple.
  3246 | Temple   | Entered the Ecumenical Temple
  3293 | Temple   | Became a worshipper of the Wu Jian Council
  3293 | Temple   | Reached * piety under Wu Jian
  3293 | Temple   | Reached ** piety under Wu Jian
  3441 | D:4      | Killed Robin
  3746 | D:4      | Found Ryjeurif's Armour Emporium.
  4195 | D:4      | Noticed Blork the orc
  4204 | D:4      | Killed Blork the orc
  4296 | D:5      | Entered Level 5 of the Dungeon
  4308 | D:5      | Reached skill level 8 in Unarmed Combat
  4308 | D:5      | Reached XP level 8. HP: 60/66 MP: 8/8
  4427 | D:5      | Found a sacrificial altar of Ru.
  4431 | D:5      | Found a sparkling altar of Nemelex Xobeh.
  4585 | D:5      | Found a runed translucent gate.
  4585 | D:5      | Found a runed translucent gate.
  4585 | D:5      | Found a runed translucent gate.
  4588 | D:5      | Found an opulent altar of Gozag.
  4590 | D:5      | Noticed ForkInBrain's ghost (weakling DrDe)
  4590 | D:5      | Noticed a shadow
  4666 | D:5      | Reached skill level 9 in Unarmed Combat
  4669 | D:5      | Reached *** piety under Wu Jian
  5180 | D:6      | Reached skill level 10 in Unarmed Combat
  5339 | D:6      | Noticed Jeremiah
  5402 | D:6      | Killed Jeremiah
  5403 | D:6      | Reached XP level 9. HP: 45/72 MP: 9/9
  5526 | D:6      | Reached skill level 1 in Throwing
  5530 | D:6      | Reached skill level 11 in Unarmed Combat
  6240 | D:7      | Reached skill level 12 in Unarmed Combat
  6317 | D:7      | Found a shadowy altar of Dithmenos.
  6385 | D:7      | Noticed Joseph
  6395 | D:7      | Slain by Joseph

Illustrated notes

Levels and vault maps discovered:
D:1:      minmay_arrival_shattered_statue, layout_loops_corners,
          dreamdust_ecumenical_altar_angels_and_demons
D:2:      layout_basic
D:3:      layout_basic, uniq_sigmund, uniq_crazy_yiuf_cottage, uniq_grinder
D:4:      layout_loops_corners, minmay_temple_entry_wispy, serial_shops,
          nicolae_shop_stone, nicolae_zen_rock_garden, grunt_ministairs_2,
          minmay_statues_item, minmay_close_crescents, uniq_blork_the_orc,
          uniq_robin
D:5:      layout_rooms, grunt_temple_overflow_open, ebering_ghost_gozag
D:6:      layout_rooms, serial_curves, eino_curves_02, eino_curves_03,
          minmay_misc_feat_tiny, hangedman_decor_lopped,
          minmay_misc_feat_nine_boxes, uniq_jeremiah
D:7:      layout_loops_ring, kennysheep_mini, nicolae_shop_clearance,
          uniq_maggie, uniq_joseph
Temple:   compressed_dpeg_triangle_lava_temple

Skill      XL: |  1  2  3  4  5  6  7  8  9 |
---------------+----------------------------+-----
Unarmed Combat | 4 6 7 8 10 12 | 12.0
Dodging        | 3 4 |  4.2
Armour         | 2 3 4 |  4.2
Stealth        | 1 2 |  2.6
Fighting       | 4 |  4.7
Throwing       | 1 |  1.2

Action                     |  1- 3 |  4- 6 |  7- 9 || total
---------------------------+-------+-------+-------++-------
  Melee: Unarmed           |   116 |    59 |   240 ||   415
  Throw: Stone             |    17 |       |       ||    17
         Dart              |       |     1 |     8 ||     9
Ability: Lunge             |       |       |    26 ||    26
         Whirlwind         |       |       |    13 ||    13
    Use: Scroll            |       |       |     5 ||     5
   Stab: Sleeping          |       |       |     1 ||     1
 Armour: Robe              |    13 |       |       ||    13
         Plate armour      |    42 |       |       ||    42
         Ring mail         |    38 |    32 |    10 ||    80
         Leather armour    |       |       |    93 ||    93
  Dodge: Dodged            |    44 |    28 |   122 ||   194

Table legend: (Time is in decaauts)
 A = Elapsed time spent in this place.
 B = Non-inter-level travel time spent in this place.
 C = Inter-level travel time spent in this place.
 D = Time resting spent in this place.
 E = Time spent auto-exploring this place.
 F = Levels seen in this place.
 G = Mean time per level.
                   A        B        C        D        E       F      G
               +--------+--------+--------+--------+--------+-----+--------+
         Total |   6347 |   6039 |    308 |    698 |   3793 |   8 |  793.4 |
       Dungeon |   6284 |   5976 |    308 |    698 |   3793 |   7 |  897.7 |
        Temple |     62 |     62 |      0 |      0 |      0 |   1 |   62.0 |
               +--------+--------+--------+--------+--------+-----+--------+

Top non-repeatable levels by time:
     D:6: 1151 daAuts
     D:2: 1124 daAuts
     D:3: 1051 daAuts
     D:1: 1028 daAuts
     D:4: 1008 daAuts
     D:5: 695 daAuts
     D:7: 223 daAuts
  Temple: 62 daAuts
